Map: Ascension to Aiur LE

Players

Iskander

  • Race: Terran Terran
  • League: Platinum
  • Spawn Location: 11:00

jointhedeep - Winner!

  • Race: Zerg Zerg
  • League: Platinum
  • Spawn Location: 5:00

VOD

Have the link to the VOD?

Description

How can he see my overlord near his natural?

Time

  • Played on: Sept. 16, 2017, 6:43 a.m.
  • Length: 14:18
Show
View Real Time Build Order
Export as new Build Order

Iskander Terran 

Build Orders:  

Get SALT Encoding   

  12  0:00  SCV  
  13  0:13  SCV  
  14  0:17  Supply Depot  
  14  0:25  SCV  
  15  0:30  Refinery  
  15  0:42  Barracks  
  15  0:46  SCV  
  16  0:58  SCV  
  17  1:24  Command Center  
  17  1:29  Barracks Reactor  
  17  1:39  Refinery  
  17  1:46  Orbital Command  
  17  2:06  Marine  
  17  2:07  Marine  
  19  2:09  Factory  
  18  2:24  Marine x2  
  20  2:38  Supply Depot  
  20  2:39  SCV  
  20  2:42  SCV  
  22  2:50  Marine  
  23  2:58  Marine  
  23  3:00  SCV  
  23  3:03  Widow Mine  
  28  3:13  Orbital Command  
  28  3:18  SCV  
  28  3:30  SCV  
  29  3:41  SCV  
  29  3:46  Engineering Bay, SCV  
  31  3:54  Factory Tech Lab, Marine, SCV  
  31  3:55  Starport, Marine  
  34  4:04  Supply Depot, SCV  
  35  4:13  Marine, Terran Infantry Weapons Level 1, SCV  
  35  4:14  Marine  
  38  4:18  SCV  
  38  4:19  Liberator  
  39  4:25  SCV  
  39  4:27  Refinery  
  39  4:31  SCV  
  41  4:32  Barracks  
  41  4:37  SCV  
  45  4:43  SCV  
  46  4:47  Siege Tank  
  46  4:49  SCV  
  50  4:55  SCV  
  50  4:59  Marine  
  51  5:01  SCV  
  53  5:07  SCV  
  54  5:20  Barracks  
  54  5:29  Barracks Tech Lab  
  54  5:34  Supply Depot  
  54  5:44  Starport Reactor  
  54  5:50  Refinery  
  54  5:56  Supply Depot, SCV x2  
  56  6:02  Command Center  
  56  6:08  SCV x2  
  58  6:20  SCV x2  
  58  6:23  Marine x3  
  58  6:24  Widow Mine  
  65  6:32  SCV x2  
  67  6:41  Marine  
  67  6:42  Marauder  
  67  6:44  Factory  
  70  6:52  Barracks Reactor  
  70  6:57  Supply Depot  
  70  7:03  Supply Depot  
  70  7:13  Medivac x2, Siege Tank, SCV x2  
  79  7:24  Stimpack  
  79  7:26  SCV x2  
  79  7:28  Barracks  
  79  7:29  Supply Depot  
  81  7:34  Marine x2  
  81  7:35  Terran Infantry Armor Level 1  
  83  7:38  SCV x2  
  85  7:44  Marauder  
  85  7:46  Siege Tank  
  85  7:50  SCV x2  
  92  7:51  Medivac  
  92  7:52  Medivac, Marine x2  
  92  7:54  Factory Reactor  
  98  8:14  Supply Depot  
  98  8:19  Command Center  
  98  8:35  Marine x3  
  98  8:36  SCV  
  98  8:40  Command Center  
  102  8:43  Supply Depot  
  102  8:45  Supply Depot  
  102  9:05  Marauder, Siege Tank, Marine x3  
  102  9:06  Supply Depot, Marine  
  102  9:07  Supply Depot, SCV x2  
  102  9:09  Supply Depot  
  113  9:18  Marine  
  113  9:19  SCV x2  
  113  9:23  Marine  
  117  9:28  Marauder  
  121  9:31  SCV x2  
  121  9:43  SCV x2  
  121  9:44  Marine  
  124  9:50  Marauder  
  126  9:55  SCV x2  
  122  10:07  SCV  
  122  10:09  Marine x5  
  122  10:11  Marauder, Siege Tank, Widow Mine x2  
  135  10:27  SCV, Marine x3  
  128  10:32  Marauder, Marine  
  128  10:34  SCV  
  131  10:46  SCV  
  131  10:54  Marauder  
  131  10:56  Marine x3  
  136  10:57  Widow Mine, Marine  
  136  10:58  Siege Tank, Widow Mine  
  136  11:00  SCV  
  135  11:15  Marauder, Planetary Fortress  
  135  11:17  Marine  
  135  11:18  Marine  
  139  11:22  Medivac x2  
  143  11:26  Widow Mine, Marine  
  143  11:27  Marine x2  
  143  11:28  SCV  
  143  11:30  Siege Tank  
  143  11:31  Widow Mine  
  154  11:35  Marine  
  154  11:36  Marauder  
  157  11:46  SCV  
  157  11:47  Marine x3  
  158  11:48  SCV  
  158  11:49  Combat Shields  
  158  11:51  Barracks Reactor  
  162  11:54  Widow Mine  
  162  11:57  Barracks  
  162  11:58  Marauder, SCV  
  125  12:10  Marine x2  
  125  12:11  Marine x2  
  129  12:18  Siege Tank, Widow Mine  
  129  12:19  Marauder  
  135  12:28  Marine x3  
  135  12:29  Marine  
  123  12:30  Marine  
  123  12:34  Marine  
  122  12:41  Marauder  
  108  12:45  SCV  
  108  12:46  Marine x3  
  108  12:47  Marine  
  108  12:50  Marine  
  108  12:51  Siege Tank  
  98  12:52  SCV, Marine  
  99  13:02  Marauder  
  99  13:04  Marine x3  
  99  13:05  Marine  
  105  13:07  Marine  
  105  13:08  SCV  
  105  13:09  Marine  
  105  13:10  Missile Turret  
  105  13:12  Missile Turret x2  
  108  13:13  Missile Turret x2  
  108  13:14  Missile Turret  
  108  13:17  SCV  
  108  13:19  Missile Turret x2  
  109  13:20  SCV  
  109  13:21  Missile Turret, Marine  
  109  13:22  Medivac x2, Missile Turret, Marine x2  
  109  13:23  Marauder, Siege Tank  
  109  13:27  Command Center  
  122  13:29  Armory, SCV  
  122  13:32  SCV  
  124  13:36  Refinery  
  124  13:39  Refinery  
  124  13:45  Marauder  
  126  13:50  Marine x2  
  126  13:53  Marine  
  126  13:54  Marine  
Show
View Real Time Build Order
Export as new Build Order

jointhedeep Zerg - Winner!

Build Orders: Pool First 

Get SALT Encoding   

  12  0:01  Drone  
  13  0:12  Overlord  
  13  0:18  Drone  
  14  0:30  Drone x2  
  16  0:36  Drone  
  17  0:46  Spawning Pool  
  16  0:51  Drone, Extractor  
  16  0:58  Drone  
  17  1:19  Hatchery  
  17  1:22  Drone  
  17  1:25  Drone  
  18  1:32  Drone  
  19  1:43  Queen  
  19  1:45  Zergling x2  
  22  1:54  Metabolic Boost  
  22  1:58  Overlord  
  22  2:08  Overlord  
  22  2:16  Drone  
  22  2:21  Queen  
  25  2:24  Drone  
  26  2:39  Drone  
  26  2:40  Queen, Drone  
  26  2:43  Drone  
  26  2:44  Drone  
  32  2:52  Drone x3  
  32  2:56  Drone x2  
  37  3:06  Drone  
  37  3:11  Drone  
  39  3:17  Drone x2  
  41  3:25  Drone x4, Hatchery  
  44  3:42  Overlord x3  
  44  3:52  Overlord  
  44  3:53  Overlord x3  
  44  4:02  Drone x3  
  47  4:03  Drone x2  
  49  4:16  Queen  
  53  4:18  Zergling x4  
  55  4:30  Evolution Chamber, Drone, Extractor  
  55  4:31  Evolution Chamber, Drone x4  
  56  4:37  Lair  
  55  4:49  Drone, Extractor  
  55  4:50  Drone x6, Extractor  
  60  4:56  Drone, Extractor  
  60  4:57  Drone, Extractor  
  60  5:10  Baneling Nest  
  59  5:23  Zerg Melee Weapons Level 1  
  59  5:25  Zergling x2  
  59  5:26  Zergling x26  
  73  5:41  Drone x6  
  79  5:48  Zerg Ground Armor Level 1  
  79  5:54  Drone x2  
  79  5:55  Drone x8  
  89  6:20  Zergling x2  
  89  6:21  Overlord x2  
  89  6:22  Overlord x5  
  86  6:35  Centrifical Hooks  
  86  6:38  Overlord  
  86  6:39  Hydralisk Den, Overlord x6  
  85  6:47  Hatchery  
  85  6:52  Baneling x3  
  85  6:53  Baneling x22  
  84  7:15  Zergling x20  
  88  7:16  Zergling x10  
  88  7:19  Zerg Melee Weapons Level 2  
  88  7:21  Muscular Augments  
  88  7:22  Hydralisk  
  99  7:23  Hydralisk x3  
  107  7:41  Spore Crawler  
  107  7:44  Drone x5  
  109  7:48  Drone x3  
  114  7:51  Zerg Ground Armor Level 2  
  114  7:53  Hydralisk x4  
  114  7:54  Hydralisk  
  115  8:06  Baneling x9  
  115  8:08  Zergling x12  
  115  8:12  Zergling x6  
  124  8:19  Queen  
  126  8:28  Baneling  
  126  8:29  Baneling x14  
  126  8:42  Hatchery  
  125  8:51  Hatchery  
  124  8:56  Zergling x2  
  124  8:57  Zergling x28  
  139  9:06  Hydralisk x3  
  139  9:07  Hydralisk  
  147  9:13  Spore Crawler  
  147  9:16  Spore Crawler, Spine Crawler  
  144  9:21  Lurker Den, Infestation Pit  
  136  10:00  Spawning Pool  
  135  10:28  Spire  
  131  10:43  Evolution Chamber  
  131  10:45  Evolution Chamber  
  128  11:05  Queen  
  129  11:14  Drone  
  129  11:15  Drone x17  
  129  11:16  Zergling x2  
  129  11:17  Zergling x12  
  154  11:29  Spore Crawler  
  154  11:31  Zerg Missile Weapons Level 1, Spore Crawler  
  146  11:34  Spore Crawler  
  146  11:37  Overseer x3  
  145  11:40  Queen  
  147  11:47  Extractor x2  
  147  11:48  Queen, Spore Crawler  
  147  11:50  Mutalisk  
  147  11:51  Mutalisk x16  
  143  12:12  Zergling x2  
  143  12:13  Zergling x12  
  139  12:31  Zergling x16  
  139  12:32  Zergling x4  
  122  13:00  Zergling x12  
  122  13:01  Zergling x26  
  141  13:13  Pneumatized Carapace  
  141  13:26  Zergling x2  
  144  13:27  Zergling x30  
  144  13:30  Baneling x10  
  144  13:31  Baneling x22  
  157  13:38  Drone  
  157  13:39  Drone x7  
  165  13:44  Baneling  
  165  13:45  Baneling x15  
  165  13:46  Zergling x2  
  165  13:47  Zergling x12  
Tags
 
Add a new tag
Caveats
  • Supply blocks, unpowered buildings, or Contaminate may cause inaccurate times.
  • Supply counts are checked every 10 seconds.